[Event "Team 45 45 League T56"]
[Site "Internet Chess Club"]
[Date "2013.03.29"]
[Round "6"]
[White "kyoroogi"]
[Black "primerpaso"]
[Result "1-0"]
[WhiteElo "2060"]
[BlackElo "1882"]
[Opening "Sicilian: Najdorf, Byrne (English) attack"]
[ECO "B90"]
[Time "17:00:43"]
[TimeControl "2700+45"]

1. e4 c5 2. Nf3 d6 3. d4 cxd4 4. Nxd4 Nf6 5. Nc3 a6 6. Be3 e5 7. Nb3 Be6 8. f3
Nbd7 9. Qd2 b5 10. O-O-O b4 11. Nd5 Bxd5 12. exd5 Nb6 13. Qxb4 Nfxd5 14. Bxb6
Nxb4 15. Bxd8 Kxd8 16. a3 Nc6 17. Bc4 Ra7 18. Rd5 Kc7 19. Rhd1 f5 20. Na5 Be7
21. b4 Nxa5 22. Rxa5 Kb6 23. Kb2 g6 24. Kb3 Rc8 25. Be6 Rcc7 26. c4 Kb7 27. g3
Kb8 28. h4 Bf8 29. h5 gxh5 30. Bxf5 Rg7 31. c5 Rxg3 32. Be4 Kc7 33. cxd6+ Kd8
34. Rxe5 Rd7 35. Rxh5 Bxd6 36. Ra5 Rgg7 37. Rxa6 Ke7 38. Bf5 Rd8 39. Ra7+ Kf6
40. Rxg7 Kxg7 41. Rg1+ Kf6 42. Bxh7 {Black resigns} 1-0

[Event "Team 45 45 League T56"]
[Site "Internet Chess Club"]
[Date "2013.03.29"]
[Round "6"]
[White "misuc56"]
[Black "CaoCao"]
[Result "0-1"]
[WhiteElo "1786"]
[BlackElo "1889"]
[Opening "Benoni defense"]
[ECO "A56"]
[Time "17:13:22"]
[TimeControl "2700+45"]

1. d4 Nf6 2. c4 c5 3. e3 g6 4. Nc3 Bg7 5. Nf3 O-O 6. Be2 cxd4 7. exd4 d5 8. h3
Nc6 9. Be3 Be6 10. c5 Ne4 11. O-O Nxc5 12. dxc5 d4 13. Bxd4 Nxd4 14. Rc1 Nxe2+
15. Qxe2 Qa5 16. a3 a6 17. Rfe1 h6 18. Nb1 Rfe8 19. Red1 Rad8 20. b4 Qc7 21.
Rxd8 Rxd8 22. Rd1 Rxd1+ 23. Qxd1 Qd7 24. Qe2 Qd5 25. b5 Qxc5 26. bxa6 bxa6 27.
Qxa6 Ba2 28. Nbd2 Qc1+ 29. Kh2 Bc3 30. Qd3 Qxa3 31. g3 Qb4 32. Ne4 Bg7 33. Ned2
Qb6 34. Kg2 Qe6 35. Qe4 Qxe4 36. Nxe4 Bd5 37. Ned2 e5 38. Kf1 e4 39. Ne1 Bc3 40.
Ke2 f5 41. Nc2 Bb7 42. Ne3 Ba6+ 43. Ndc4 Bd4 44. Kd2 Bxc4 45. Nxc4 Bxf2 46. g4
Kg7 47. Ke2 Bc5 48. Nd2 Kf6 49. h4 Ba7 50. h5 e3 51. Nc4 fxg4 52. hxg6 Kxg6 53.
Ne5+ Kf5 54. Nd3 h5 55. Kf1 h4 56. Nc1 Ke4 57. Kg2 h3+ 58. Kh1 g3 59. Ne2 Kf3
60. Ng1+ Kg4 61. Ne2 g2+ 62. Kh2 Kf3 63. Ng1+ Kf2 64. Nxh3+ Kf1 65. Kg3 g1=Q+
66. Nxg1 Kxg1 {White resigns} 0-1

[Event "Team 45 45 League T56"]
[Site "Internet Chess Club"]
[Date "2013.03.28"]
[Round "6"]
[White "QuieroAprender"]
[Black "rubo"]
[Result "1-0"]
[WhiteElo "1738"]
[BlackElo "1704"]
[Opening "Caro-Kann: anti-anti-Caro-Kann defense"]
[ECO "B10"]
[Time "20:01:13"]
[TimeControl "2700+45"]

1. e4 c6 2. c4 d5 3. cxd5 cxd5 4. exd5 Nf6 5. Nc3 Nxd5 6. Bb5+ Nc6 7. Qf3 Nb4 8.
Qe4 e6 9. a3 Nd5 10. Qc4 Be7 11. Bxc6+ bxc6 12. Qxc6+ Bd7 13. Qb7 Nxc3 14. dxc3
Bc5 15. b4 Bb6 16. Bg5 f6 17. Bf4 O-O 18. c4 Bd4 19. Rd1 Bc3+ 20. Bd2 Ba4 21.
Qf3 Bxd1 22. Qxc3 Bh5 23. c5 Qd5 24. f3 Be8 25. Ne2 e5 26. O-O Bb5 27. Re1 Rfd8
28. Be3 Bxe2 29. Rxe2 Qd1+ 30. Re1 Qd3 31. Rc1 a6 32. Kf2 Rac8 33. a4 Rb8 34.
Qc4+ Qxc4 35. Rxc4 Rdc8 36. c6 Kf7 37. Ba7 Ra8 38. Bb6 Ke6 39. c7 Kd6 40. a5 Kd7
41. Ke3 f5 42. Rc5 Re8 43. b5 axb5 44. Rxb5 Re6 45. Rd5+ Kc6 46. Rd8 Re8 47. Kd3
Kb5 48. Kc3 Rc8 49. Rd7 Rg8 50. Rd5+ Kc6 51. Rxe5 g6 52. Re7 h5 53. Re6+ Kb7 54.
Re7 Ka6 55. Kc4 Rgd8 56. Kc5 Kb7 57. Rg7 Rg8 58. Rd7 Rgd8 59. Rxd8 {Black
resigns} 1-0

[Event "Team 45 45 League T56"]
[Site "Internet Chess Club"]
[Date "2013.03.31"]
[Round "6"]
[White "badmove"]
[Black "DeltaChess"]
[Result "0-1"]
[WhiteElo "1630"]
[BlackElo "1313"]
[Opening "Neo-Grünfeld, 6.O-O c6"]
[ECO "D78"]
[Time "18:08:31"]
[TimeControl "2700+45"]

1. d4 d5 2. c4 c6 3. Nf3 Nf6 4. g3 g6 5. Bg2 Bg7 6. O-O O-O 7. b3 Bf5 8. Bb2 Re8
9. Nbd2 Nbd7 10. Nh4 e6 11. cxd5 cxd5 12. Nxf5 exf5 13. Re1 Nb6 14. Nf3 Ne4 15.
Qd3 Rc8 16. e3 Rc6 17. Rac1 Qc7 18. Rxc6 Qxc6 19. Rc1 Qd7 20. Ne1 Rc8 21. Rc2
Rc6 22. f3 Ng5 23. h4 Ne6 24. Rxc6 Qxc6 25. Nc2 Nc7 26. e4 Qd6 27. Kf2 fxe4 28.
fxe4 Qf6+ 29. Qf3 Qxf3+ 30. Bxf3 Kf8 31. Nb4 Nb5 32. Ke3 dxe4 33. Bxe4 Nd6 34.
Ba3 Nxe4 35. Kxe4 f5+ 36. Kd3 Kf7 37. Nc2 Nd5 38. Bc5 b6 39. Ba3 Ke6 40. Kc4 a6
41. Kd3 Bf6 42. Bc1 Bd8 43. Bd2 Bc7 44. Be1 a5 45. Bf2 Bd6 46. Kc4 Nc7 47. a4
Nd5 48. Kb5 Kd7 49. Kc4 Kc6 50. Ne1 Nf6 51. Nf3 Ne4 52. d5+ Kb7 53. Be1 Nxg3 54.
Bxg3 Bxg3 55. Kd4 Kc7 56. Kc4 Kd6 57. Kb5 Bf2 58. Kc4 h6 59. h5 g5 60. Nd2 g4
61. Nf1 f4 62. Nh2 g3 63. Nf3 g2 64. Kd3 g1=Q {White resigns} 0-1

[Event "Team 45 45 League T56"]
[Site "Internet Chess Club"]
[Date "2013.03.29"]
[Round "6"]
[White "blackphantom888"]
[Black "houseofcook"]
[Result "0-1"]
[WhiteElo "1350"]
[BlackElo "1478"]
[Opening "French: Tarrasch, closed variation"]
[ECO "C05"]
[Time "11:03:24"]
[TimeControl "2700+45"]

1. e4 e6 2. d4 d5 3. Nd2 Nf6 4. Bd3 c5 5. c3 Nc6 6. Ngf3 cxd4 7. cxd4 Qb6 8. O-O
Nxd4 9. Nxd4 Qxd4 10. Nb3 Qb6 11. Be3 Qd8 12. Bb5+ Bd7 13. Bxd7+ Qxd7 14. exd5
Nxd5 15. Bc5 Be7 16. Bxe7 Qxe7 17. Re1 Rd8 18. Qe2 O-O 19. Rad1 Qg5 20. Qe5 Qxe5
21. Rxe5 Rc8 22. h3 Rc2 23. Rb1 Rfc8 24. a3 g6 25. Ree1 b6 26. Nd4 R2c5 27. Nb3
Rc4 28. Nd2 Rc2 29. Ne4 Kg7 30. Nd6 R8c6 31. Nb5 R6c5 32. Nxa7 Ra5 33. Rec1
Rxc1+ 34. Rxc1 Rxa7 35. Kh2 Rc7 36. Rxc7 Nxc7 37. g4 g5 38. Kg3 Nd5 39. b4 Kf6
40. Kf3 Ke5 41. Ke2 Kd4 42. Kd2 Kc4 43. Kc2 b5 44. Kb2 e5 45. Kc2 e4 46. Kd2 h6
47. Kc2 e3 48. fxe3 Nxe3+ 49. Kd2 Nd5 50. Kc2 Nf4 51. Kd2 Nxh3 52. Kc2 Nf2 53.
Kd2 Nxg4 54. Kc2 h5 55. Kd2 h4 56. Ke2 h3 57. Kf3 h2 58. Kg2 Kb3 59. Kh1 Kxa3
60. Kg2 Kxb4 61. Kh1 Kc4 62. Kg2 f5 63. Kh1 b4 64. Kg2 b3 65. Kh1 b2 66. Kg2
b1=Q 67. Kg3 Qg1+ 68. Kf3 h1=Q+ 69. Ke2 Qg3 70. Kd2 Qhh2+ 71. Kd1 Qgg1# {White
checkmated} 0-1

[Event "Team 45 45 League T56"]
[Site "Internet Chess Club"]
[Date "2013.03.30"]
[Round "6"]
[White "MateIn42"]
[Black "Littlemon"]
[Result "0-1"]
[WhiteElo "1329"]
[BlackElo "1370"]
[Opening "Konstantinopolsky opening"]
[ECO "C44"]
[Time "17:15:12"]
[TimeControl "2700+45"]

1. e4 e5 2. Nf3 Nc6 3. g3 Bc5 4. Nxe5 Nxe5 5. d4 Bxd4 6. f4 Nc6 7. Bb5 Bb6 8.
Nc3 d6 9. Nd5 Ne7 10. Nxb6 axb6 11. Be3 O-O 12. Qf3 Be6 13. O-O-O Rxa2 14. f5
Bd7 15. c3 Ne5 16. Qf1 Ra5 17. Bxd7 Nxd7 18. Kd2 Nc6 19. h4 Nce5 20. Ke2 h6 21.
Qg2 Nf6 22. h5 Qd7 23. Rh4 Qb5+ 24. Kf2 Qxb2+ 25. Rd2 Qxc3 {White resigns} 0-1

[Event "Team 45 45 League T56"]
[Site "Internet Chess Club"]
[Date "2013.03.31"]
[Round "6"]
[White "mindstorm"]
[Black "Visin"]
[Result "1/2-1/2"]
[WhiteElo "1402"]
[BlackElo "1232"]
[Opening "Scotch game"]
[ECO "C45"]
[Time "09:00:25"]
[TimeControl "2700+45"]

1. e4 e5 2. Nf3 Nc6 3. d4 exd4 4. Nxd4 d6 5. Bc4 Nf6 6. Nc3 Be7 7. O-O O-O 8. h3
Ne5 9. Bb3 c5 10. Nf3 Be6 11. Bxe6 fxe6 12. Nxe5 dxe5 13. Qe2 a6 14. f4 exf4 15.
Rxf4 e5 16. Rf1 h6 17. Rf3 Nh7 18. Rg3 Bg5 19. Bxg5 Nxg5 20. h4 Nh7 21. Qh5 Kh8
22. Qxe5 Qd4+ 23. Qxd4 cxd4 24. Nd5 Nf6 25. Nxf6 Rxf6 26. Rd1 Rc8 27. Rd2 Re6
28. Rg4 Kg8 29. Kf1 Rec6 30. Rxd4 Rxc2 31. Rb4 Rf8+ 32. Kg1 Rf7 33. e5 Kf8 34.
e6 Re7 35. Rgf4+ Ke8 36. Rf7 Rcc7 37. Rxe7+ Kxe7 38. Re4 Rc2 39. Rb4 b5 40. a4
bxa4 41. Rxa4 Rc6 42. Rg4 Kxe6 43. Rxg7 Kf6 44. Rb7 a5 45. b3 Ra6 46. Kf2 a4 47.
bxa4 Rxa4 48. g3 Re4 49. Kf3 Re6 50. Kf4 Ra6 51. Rb4 h5 52. g4 hxg4 53. Kxg4 Kg6
54. h5+ Kh6 55. Kh4 Rd6 56. Re4 Ra6 57. Re5 Ra4+ 58. Kg3 Ra3+ 59. Kg4 Ra4+ 60.
Kf3 Ra3+ 61. Kf4 Ra4+ {Game drawn by mutual agreement} 1/2-1/2

[Event "Team 45 45 League T56"]
[Site "Internet Chess Club"]
[Date "2013.04.01"]
[Round "6"]
[White "evan7284"]
[Black "RD1974"]
[Result "1-0"]
[WhiteElo "1676"]
[BlackElo "1595"]
[Opening "Queen's pawn"]
[ECO "A40"]
[Time "16:02:18"]
[TimeControl "2700+45"]

1. d4 e6 2. Nf3 f5 3. Bg5 Nf6 4. Nbd2 d5 5. e3 Nbd7 6. Bd3 Bd6 7. O-O O-O 8. c4
c6 9. cxd5 cxd5 10. Rc1 Qe8 11. Qe2 a6 12. Rfe1 Ne4 13. Bf4 Qe7 14. Bxd6 Qxd6
15. Rc2 g5 16. Bxe4 dxe4 17. Nxg5 Nf6 18. Nc4 Qe7 19. Ne5 Qg7 20. Nh3 Ng4 21.
Nxg4 fxg4 22. Nf4 Rf7 23. Rec1 Bd7 24. Rc7 Bb5 25. Rxf7 Qxf7 26. Qxg4+ Kh8 27.
Qxe6 Qf8 28. Rc7 Re8 29. Ng6+ hxg6 30. Qh3+ {Black resigns} 1-0

[Event "Team 45 45 League T56"]
[Site "Internet Chess Club"]
[Date "2013.04.01"]
[Round "6"]
[White "Fulmar"]
[Black "BotanicalKnight"]
[Result "0-1"]
[WhiteElo "1177"]
[BlackElo "1464"]
[Opening "Caro-Kann: exchange variation"]
[ECO "B13"]
[Time "20:02:23"]
[TimeControl "2700+45"]

1. e4 c6 2. d4 d5 3. exd5 cxd5 4. Nf3 Nc6 5. Bb5 a6 6. Ba4 b5 7. Bb3 Bg4 8. Be3
Nf6 9. a4 b4 10. c4 dxc4 11. Bxc4 e6 12. Nbd2 Be7 13. Nb3 O-O 14. a5 Qc7 15. Rc1
Qb7 16. h3 Bh5 17. g4 Bg6 18. Nc5 Bxc5 19. dxc5 Rfd8 20. Qe2 Ne5 21. c6 Qxc6 22.
Ng1 Qxh1 23. f3 Nxc4 24. Rxc4 Bd3 25. Qd1 Bxc4 26. Qxd8+ Rxd8 27. Bc1 Qxg1#
{White checkmated} 0-1

[Event "Team 45 45 League T56"]
[Site "Internet Chess Club"]
[Date "2013.04.01"]
[Round "6"]
[White "kingsrook"]
[Black "guyd52"]
[Result "1/2-1/2"]
[WhiteElo "1323"]
[BlackElo "1328"]
[Opening "QGD Slav/Grünfeld: Schlechter variation"]
[ECO "D15"]
[Time "19:00:20"]
[TimeControl "2700+45"]

1. d4 d5 2. c4 c6 3. Nf3 Nf6 4. Nc3 g6 5. h3 Bg7 6. Bf4 Nbd7 7. Qc2 O-O 8. e4
dxe4 9. Nxe4 Re8 10. Rd1 Qa5+ 11. Nc3 e5 12. dxe5 Nh5 13. Be3 Nxe5 14. Be2 Nxf3+
15. Bxf3 Bf5 16. Qc1 Nf4 17. O-O Nd3 18. Qd2 Rad8 19. Ne2 Qxa2 20. Ra1 Qxc4 21.
Rxa7 Qb5 22. Nc3 Qxb2 23. Qxb2 Nxb2 24. Ne2 Bc8 25. Bg4 f5 26. Bf3 Be5 27. Bg5
Rd7 28. Ra8 Kg7 29. Bf4 Nc4 30. Rc1 Nd6 31. Rd1 Bxf4 32. Nxf4 c5 33. Ne6+ Rxe6
34. Rxc8 b6 35. Rc6 Kf6 36. Rxb6 h5 37. Rc6 c4 38. Bd5 Ke7 39. Bxe6 Kxe6 40. Rc1
Ke5 41. Rd1 g5 42. Rxc4 f4 43. f3 Rg7 44. Rc5+ Ke6 45. Rc6 Rd7 46. Kf2 Ke5 47.
Rc5+ Kf6 48. g3 fxg3+ 49. Kxg3 g4 50. fxg4 Ne4+ 51. Kf4 Nxc5 52. g5+ Kg6 53.
Rxd7 Nxd7 54. h4 Nc5 55. Ke5 Nd3+ 56. Ke4 Nc5+ 57. Kf4 Ne6+ 58. Ke5 Ng7 59. Kf4
Nf5 60. Kf3 Nxh4+ 61. Kg3 Kxg5 62. Kh3 Nf5 63. Kh2 h4 64. Kh3 Kh5 65. Kh2 Ng3
66. Kg2 Kg4 67. Kh2 h3 68. Kg1 Kh4 69. Kh2 Nf1+ 70. Kg1 Ne3 71. Kh2 Ng4+ 72. Kg1
Kg3 73. Kf1 h2 74. Ke2 h1=Q 75. Kd3 Kf3 76. Kd4 Kf4 77. Kd3 Qe4+ 78. Kc3 Ke3 79.
Kb3 Kd3 80. Kb2 Qc4 81. Ka3 Kc3 {White stalemated} 1/2-1/2

[Event "Team 45 45 League T56"]
[Site "Internet Chess Club"]
[Date "2013.04.02"]
[Round "6"]
[White "Bible-Believer"]
[Black "rahulr"]
[Result "1-0"]
[WhiteElo "1550"]
[BlackElo "1568"]
[Opening "Scandinavian: Marshall variation"]
[ECO "B01"]
[Time "20:01:06"]
[TimeControl "2700+45"]

1. e4 d5 2. exd5 Nf6 3. d4 Nxd5 4. Nf3 Bg4 5. Be2 e6 6. h3 Bh5 7. O-O Bd6 8. Bg5
f6 9. Bd2 Nf4 10. Bb5+ c6 11. Bc4 e5 12. Re1 g5 13. dxe5 fxe5 14. Bc3 Qf6 15.
Nbd2 Ke7 16. Ne4 Nxh3+ 17. gxh3 Bxf3 18. Qxd6+ Qxd6 19. Nxd6 Kxd6 20. Bxe5+
{Black resigns} 1-0

[Event "Team 45 45 League T56"]
[Site "Internet Chess Club"]
[Date "2013.03.29"]
[Round "6"]
[White "Check101"]
[Black "palm47"]
[Result "1/2-1/2"]
[WhiteElo "1583"]
[BlackElo "1543"]
[Opening "Boden-Kieseritsky gambit"]
[ECO "C42"]
[Time "20:01:07"]
[TimeControl "2700+45"]

1. e4 e5 2. Nf3 Nf6 3. Bc4 Nxe4 4. Nc3 Nxc3 5. dxc3 f6 6. O-O d6 7. Nh4 g6 8. f4
Qe7 9. Nf3 Nc6 10. Qd5 Bf5 11. fxe5 dxe5 12. Be3 Bxc2 13. Rf2 Ba4 14. b3 Rd8 15.
Qe4 f5 16. Qc2 Na5 17. bxa4 Nxc4 18. Bg5 Qc5 19. Bxd8 Kxd8 20. Kh1 Bd6 21. Ng5
Ke7 22. Re1 Ne3 23. Qb3 Nc4 24. Ref1 h6 25. Nf3 Ne3 26. Re1 Ng4 27. Rfe2 Nf2+
28. Rxf2 Qxf2 29. Qxb7 Kf6 30. Qd5 Rb8 31. Rg1 Rb2 32. Qg8 g5 33. Qh8+ Kg6 34.
Qe8+ Kg7 35. Qd7+ {Game drawn by mutual agreement} 1/2-1/2

[Event "Team 45 45 League T56"]
[Site "Internet Chess Club"]
[Date "2013.04.02"]
[Round "6"]
[White "KidRattler"]
[Black "sockmonkey"]
[Result "1/2-1/2"]
[WhiteElo "1460"]
[BlackElo "1696"]
[Opening "Caro-Kann: advance variation"]
[ECO "B12"]
[Time "08:00:49"]
[TimeControl "2700+45"]

1. e4 c6 2. d4 d5 3. e5 Bf5 4. Bd3 Bxd3 5. Qxd3 e6 6. Nf3 Nd7 7. Bf4 Ne7 8. Nc3
c5 9. O-O Nc6 10. Nb5 a6 11. Nc3 Qb6 12. Na4 Qb4 13. Qb3 Qxb3 14. axb3 Nxd4 15.
Nxd4 cxd4 16. Rfd1 b5 17. Rxd4 bxa4 18. Rdxa4 Nc5 19. Ra5 Rc8 20. Rc1 Be7 21. b4
Nd7 22. c3 g5 23. Be3 Nxe5 24. Rxa6 Nc4 25. Bd4 e5 26. b3 exd4 27. bxc4 dxc3 28.
Rxc3 Bxb4 29. Rc1 dxc4 30. Ra4 Be7 31. Rcxc4 Rxc4 32. Rxc4 O-O 33. Rg4 Rb8 34.
g3 f5 35. Rc4 Kf7 36. Kg2 h5 37. h3 g4 38. Rf4 Ke6 39. hxg4 hxg4 40. Rd4 Rd8 41.
Rxd8 Bxd8 42. f3 Bc7 43. fxg4 fxg4 44. Kf2 Kf5 45. Kg2 Ke4 46. Kf2 Bd6 47. Kg2
Ke3 48. Kh2 Kf3 49. Kh1 Kxg3 50. Kg1 Be5 51. Kh1 Kf2 {White stalemated} 1/2-1/2

[Event "Team 45 45 League T56"]
[Site "Internet Chess Club"]
[Date "2013.03.29"]
[Round "6"]
[White "seattleblues"]
[Black "JRussell2"]
[Result "1-0"]
[WhiteElo "1413"]
[BlackElo "1312"]
[Opening "Queen's bishop game"]
[ECO "D02"]
[Time "22:00:24"]
[TimeControl "2700+45"]

1. d4 Nf6 2. Nf3 d5 3. Bf4 Nc6 4. e3 a6 5. c3 Bg4 6. Nbd2 e6 7. Bd3 h6 8. h3
Bxf3 9. Nxf3 Bd6 10. Ne5 O-O 11. Qb3 Rb8 12. Qc2 Nd7 13. Nxc6 bxc6 14. Bxd6 cxd6
15. Bxa6 Qb6 16. Bd3 Qxb2 17. Kd2 Qa3 18. Rhb1 Rxb1 19. Rxb1 Ra8 20. Rb2 c5 21.
Bb5 Nf6 22. f3 cxd4 23. exd4 e5 24. dxe5 dxe5 25. Bc6 Rc8 26. Rb3 Qd6 27. Bb5 e4
28. Be2 Qf4+ 29. Kd1 d4 30. fxe4 Nxe4 31. Bf3 Nc5 32. Rb4 Rd8 33. cxd4 Rxd4+ 34.
Rxd4 Qxd4+ 35. Ke2 Qe5+ 36. Kd1 Qd4+ 37. Qd2 Qa4+ 38. Ke1 Qe8+ 39. Kd1 Qa4+ 40.
Ke1 Qe8+ 41. Kf1 Qb5+ 42. Be2 Qb1+ 43. Bd1 Qf5+ 44. Kg1 Ne6 45. Bc2 Qc5+ 46. Kh1
Qa3 47. Qd3 g6 48. Qxa3 {Black resigns} 1-0

[Event "Team 45 45 League T56"]
[Site "Internet Chess Club"]
[Date "2013.03.29"]
[Round "6"]
[White "krysto"]
[Black "nanning"]
[Result "1/2-1/2"]
[WhiteElo "1577"]
[BlackElo "1586"]
[Opening "QGD Slav: 5.e3 (Alekhine variation)"]
[ECO "D15"]
[Time "14:06:05"]
[TimeControl "2700+45"]

1. d4 d5 2. c4 c6 3. Nf3 Nf6 4. Nc3 dxc4 5. e3 b5 6. a4 b4 7. Nb1 Ba6 8. Qc2 b3
9. Qd1 c5 10. Na3 cxd4 11. Nxd4 e5 12. Nf3 Qc7 13. Nd2 Bb4 14. Be2 Nbd7 15. O-O
Nb6 16. Nxb3 Nxa4 17. Bxc4 Bxc4 18. Nxc4 Qxc4 19. Rxa4 Qb5 20. Ra1 O-O 21. Nd2
Rfd8 22. Qb3 a5 23. Nf3 e4 24. Nd4 Qd5 25. Qc2 Rac8 26. Qe2 Qc4 27. b3 Qxe2 28.
Nxe2 Nd7 29. Rd1 Ne5 30. Rxd8+ Rxd8 31. Nd4 Nc6 32. Bb2 Nxd4 33. Bxd4 {Game
drawn by mutual agreement} 1/2-1/2

[Event "Team 45 45 League T56"]
[Site "Internet Chess Club"]
[Date "2013.03.31"]
[Round "6"]
[White "tryanything"]
[Black "Berke"]
[Result "1/2-1/2"]
[WhiteElo "1561"]
[BlackElo "1430"]
[Opening "Two knights defense"]
[ECO "C55"]
[Time "04:53:33"]
[TimeControl "2700+45"]

1. e4 e5 2. Nf3 Nc6 3. Bc4 Nf6 4. d4 exd4 5. O-O d6 6. Re1 Be7 7. Nxd4 O-O 8.
Nc3 Ne5 9. Bb3 Bg4 10. f3 Bh5 11. Nf5 Nfd7 12. Nxe7+ Qxe7 13. Nd5 Qd8 14. Nf4
Bg6 15. Nxg6 Nxg6 16. Be3 Kh8 17. Qd5 b6 18. c3 Qf6 19. Bg5 Qe5 20. Qxe5 Ndxe5
21. Rad1 f5 22. exf5 Rxf5 23. Be3 Raf8 24. Bc2 R5f7 25. Bxg6 Nxg6 26. Rd4 Re8
27. Kf1 Rfe7 28. Bf2 Kg8 29. Rxe7 Rxe7 30. Rd2 a6 31. Re2 Kf7 32. Rxe7+ Kxe7 33.
b4 b5 34. Bd4 Kf7 35. g3 d5 36. h4 c6 37. Ke2 {Game drawn by mutual agreement}
1/2-1/2

[Event "Team 45 45 League T56"]
[Site "Internet Chess Club"]
[Date "2013.04.02"]
[Round "6"]
[White "Elalfer"]
[Black "theartist"]
[Result "1-0"]
[WhiteElo "1426"]
[BlackElo "1125"]
[Opening "Queen's Indian: 4.Nc3"]
[ECO "E12"]
[Time "13:01:58"]
[TimeControl "2700+45"]

1. d4 Nf6 2. c4 e6 3. Nf3 b6 4. Nc3 Bb4 5. Bg5 Bb7 6. e3 d6 7. Be2 Nbd7 8. O-O
Bxc3 9. bxc3 c5 10. d5 e5 11. Bd3 O-O 12. Qc2 Qe8 13. Nd2 h6 14. Bh4 Rc8 15. Bf5
Rc7 16. Bxd7 Nxd7 17. Ne4 f6 18. Nxd6 Qe7 19. Nb5 Rcc8 20. Nxa7 Rcd8 21. e4 Nb8
22. Nb5 Ba6 23. a4 Qb7 24. f4 Rfe8 25. fxe5 Rxe5 26. Bg3 Re7 27. Rfe1 Bxb5 28.
cxb5 Qc7 29. Bxc7 {Black resigns} 1-0

[Event "Team 45 45 League T56"]
[Site "Internet Chess Club"]
[Date "2013.03.29"]
[Round "6"]
[White "Macovitski"]
[Black "Fulmar"]
[Result "1-0"]
[WhiteElo "1219"]
[BlackElo "1182"]
[Opening "two knights: Max Lange attack"]
[ECO "C50"]
[Time "19:00:37"]
[TimeControl "2700+45"]

1. e4 e5 2. Nf3 Nc6 3. Bc4 Bc5 4. O-O Nf6 5. d4 exd4 6. e5 Ne4 7. Re1 d5 8. exd6
Qxd6 9. Rxe4+ Ne7 10. Bf4 Qb6 11. Nxd4 O-O 12. b3 Bf5 13. Nxf5 Bxf2+ 14. Kh1
Nxf5 15. Nc3 Rad8 16. Nd5 Qg6 17. Qf1 Bd4 18. Rxd4 Nxd4 19. Ne7+ Kh8 20. Nxg6+
hxg6 21. c3 Nc2 22. Bxc7 Nxa1 23. Bxd8 Nc2 24. Bg5 Re8 25. Bd2 f5 26. Bd3 Rd8
27. Bxc2 Rxd2 28. Qc1 Rf2 29. a4 a5 30. Bd3 Kg8 31. Bc4+ Kf8 32. Kg1 Ra2 33. h3
b5 34. Bxb5 f4 35. Qe1 Re2 36. Qxe2 f3 37. Qxf3+ Ke7 38. Qe4+ Kd6 39. Qxg6+ Ke5
40. Qxg7+ Kf4 41. Kf2 Ke4 42. b4 Kf4 43. bxa5 Ke4 44. Qg4+ Ke5 45. Ke3 Kd6 46.
Kd4 Kc7 47. Kc5 Kb8 48. Qg7 Kc8 49. Kc6 Kd8 50. Qd7# {Black checkmated} 1-0

[Event "Team 45 45 League T56"]
[Site "Internet Chess Club"]
[Date "2013.03.30"]
[Round "6"]
[White "sere"]
[Black "chips"]
[Result "0-1"]
[WhiteElo "1203"]
[BlackElo "1257"]
[Opening "Scandinavian (center counter) defense"]
[ECO "B01"]
[Time "06:09:35"]
[TimeControl "2700+45"]

1. e4 d5 2. exd5 Qxd5 3. Nc3 Qe5+ 4. Be2 e6 5. Nf3 Qd6 6. O-O Nf6 7. d4 g6 8.
Bg5 Bg7 9. Qd2 O-O 10. Nb5 Qb6 11. Bf4 Na6 12. Bh6 Bd7 13. Nc3 Qxb2 14. Bxg7
Kxg7 15. Rab1 Qa3 16. Qf4 Qd6 17. Qh4 Nb4 18. Ne4 Nxe4 19. Qxe4 Bc6 20. d5 Bxd5
21. Qd4+ Kg8 22. Ng5 Nxc2 23. Qh4 h5 24. Bxh5 Kg7 25. Bxg6 fxg6 26. Qh7+ Kf6 27.
Qh4 Kg7 28. Rfd1 Rh8 29. Qg3 Qxg3 30. fxg3 Ne3 31. Rdc1 Rac8 32. Nf3 b6 33. a3
c5 34. Re1 Nc2 35. Re5 Rcf8 36. Ng5 Kf6 37. Nf3 Bxf3 38. Re3 Nxe3 39. gxf3 Nf5
40. Rc1 Rd8 41. Rc4 Rd4 42. Rxd4 Nxd4 43. Kf2 Rd8 44. Ke1 Nc2+ 45. Ke2 Nxa3 46.
Ke3 c4 47. Kf4 c3 48. h4 c2 49. g4 c1=Q+ 50. Kg3 Qe1+ 51. Kf4 e5# {White
checkmated} 0-1

[Event "Team 45 45 League T56"]
[Site "Internet Chess Club"]
[Date "2013.03.29"]
[Round "6"]
[White "carolinaknight"]
[Black "MeansToAnEnd"]
[Result "1-0"]
[WhiteElo "1269"]
[BlackElo "1354"]
[Opening "Caro-Kann: advance variation"]
[ECO "B12"]
[Time "21:01:11"]
[TimeControl "2700+45"]

1. e4 c6 2. d4 d5 3. e5 Bf5 4. Nc3 Nd7 5. Be2 c5 6. Nxd5 cxd4 7. Qxd4 e6 8. Ne3
Bc5 9. Qf4 Bxe3 10. Bxe3 Bxc2 11. Nf3 Bg6 12. O-O Ne7 13. Nh4 O-O 14. Rad1 b6
15. Rd2 Qc7 16. Bd4 Rad8 17. Qg3 Nc6 18. Rc1 Ndxe5 19. Bb5 Rxd4 20. Rxd4 Nxd4
21. Rxc7 Nf5 22. Nxf5 Bxf5 23. Qxe5 Rd8 24. Rd7 Rc8 25. Rc7 Rd8 26. Bd7 h6 27.
Qd6 {Black resigns} 1-0

[Event "Team 45 45 League T56"]
[Site "Internet Chess Club"]
[Date "2013.03.30"]
[Round "6"]
[White "JRussell2"]
[Black "oldbookseller"]
[Result "1-0"]
[WhiteElo "1317"]
[BlackElo "1014"]
[Opening "Ruy Lopez: Berlin defense, Beverwijk variation"]
[ECO "C65"]
[Time "12:30:14"]
[TimeControl "2700+45"]

1. e4 e5 2. Nf3 Nc6 3. Bb5 Nf6 4. O-O Bc5 5. d3 Nd4 6. Nxe5 O-O 7. c3 Nxb5 8. d4
Bb6 9. b4 d6 10. Nf3 Nxe4 11. a4 Nbxc3 12. Nxc3 Nxc3 13. Qc2 Nd5 14. a5 Nxb4 15.
Qb3 Nc6 16. axb6 cxb6 17. Bb2 d5 18. Qc3 Bf5 19. Ne5 Qe8 20. Rfe1 Qc8 21. Qg3 g6
22. Rac1 Qd8 23. Nxc6 bxc6 24. Rxc6 Bd7 25. Rd6 Re8 26. Rxe8+ Qxe8 27. f3 Qe7
28. Rxd5 Ba4 29. Re5 Qb4 30. Ba1 Rc8 31. Re1 Bb5 32. Qe5 Qa3 33. d5 Qc5+ 34. Kh1
f6 35. Qxf6 Qc7 36. Qh8+ Kf7 37. Qxh7+ Kf8 38. Qxg6 Qd7 39. h3 Qxd5 40. Qf6+ Kg8
41. Qg7# {Black checkmated} 1-0

[Event "Team 45 45 League T56"]
[Site "Internet Chess Club"]
[Date "2013.04.01"]
[Round "6"]
[White "tamky70"]
[Black "seattleblues"]
[Result "1/2-1/2"]
[WhiteElo "1431"]
[BlackElo "1414"]
[Opening "Bird's opening"]
[ECO "A03"]
[Time "20:00:21"]
[TimeControl "2700+45"]

1. f4 d5 2. Nf3 Nf6 3. b3 Bf5 4. Bb2 e6 5. e3 Nbd7 6. Be2 Bd6 7. d3 Qe7 8. O-O
Bc5 9. Bd4 O-O 10. Ne5 Bxd4 11. exd4 Nxe5 12. dxe5 Nd7 13. d4 Rac8 14. Bd3 Bxd3
15. Qxd3 c5 16. c3 cxd4 17. cxd4 Rc6 18. Nc3 a6 19. a3 Rfc8 20. Rfc1 Nf8 21. Qd2
Qc7 22. Ne2 Rc2 23. Rxc2 Qxc2 24. Qxc2 Rxc2 25. Kf1 Ng6 26. g3 Ne7 {Game drawn
by mutual agreement} 1/2-1/2

[Event "Team 45 45 League T56"]
[Site "Internet Chess Club"]
[Date "2013.04.02"]
[Round "6"]
[White "medsurg"]
[Black "Tribe97"]
[Result "1/2-1/2"]
[WhiteElo "1330"]
[BlackElo "1217"]
[Opening "Queen's pawn game"]
[ECO "D02"]
[Time "20:00:09"]
[TimeControl "2700+45"]

1. Nf3 d5 2. d4 e6 3. c4 Bb4+ 4. Nc3 f5 5. Bg5 Nf6 6. Qa4+ Nc6 7. e3 Bxc3+ 8.
bxc3 O-O 9. Ne5 Qe8 10. Nxc6 Qxc6 11. Qxc6 bxc6 12. Bd3 Ba6 13. Bxf6 Rxf6 14. f4
Bxc4 15. Bxc4 dxc4 16. Rb1 Rff8 17. Kd2 Rab8 18. Kc2 Rb6 19. Rxb6 cxb6 20. Kb2
{Game drawn by mutual agreement} 1/2-1/2

[Event "Team 45 45 League T56"]
[Site "Internet Chess Club"]
[Date "2013.03.28"]
[Round "6"]
[White "Mariogs379"]
[Black "tcianciola"]
[Result "0-1"]
[WhiteElo "1087"]
[BlackElo "1315"]
[Opening "Sicilian defense"]
[ECO "B20"]
[Time "19:02:05"]
[TimeControl "2700+45"]

1. e4 c5 2. Bc4 Nc6 3. Nf3 d6 4. c3 Bg4 5. d4 cxd4 6. cxd4 Nf6 7. Nc3 e6 8. d5
Ne5 9. Qa4+ Nfd7 10. Nxe5 dxe5 11. Be3 a6 12. Rb1 b5 13. Bxb5 axb5 14. Qxb5 Rb8
15. Qa4 Bb4 16. Bd2 O-O 17. a3 Nc5 18. Qc6 Rc8 19. Qb5 Rb8 20. Qc4 exd5 21. exd5
Bxc3 22. Bxc3 Rc8 23. Qxg4 Nd3+ 24. Ke2 Nf4+ 25. Kf3 Qxd5+ 26. Kg3 Qd3+ 27. f3
Ne2+ 28. Kh4 Rc4 29. Rbd1 Rxg4+ 30. fxg4 Qg6 31. Bb4 Qh6# {White checkmated} 0-1